 Dungeon Crawl Stone Soup version 0.28-a0-973-ga7f8b01127 (webtiles) character file.

Game seed: 11505252235259583037

11 vurker the Gusty (level 2, 0/22 HPs)
             Began as a Demigod Air Elementalist on Dec 1, 2021.
             Slain by a kobold (3 damage)
             ... on level 1 of the Dungeon.
             The game lasted 00:00:25 (523 turns).

vurker the Gusty (Demigod Air Elementalist)          Turns: 523, Time: 00:00:26

Health: 0/22       AC:  2    Str:  9    XL:     2   Next: 6%
Magic:  0/7        EV: 12    Int: 17    God:
Gold:   12         SH:  0    Dex: 14    Spells: 4/5 levels left

rFire   . . .      SeeInvis .   (no weapon)
rCold   . . .      Faith    .   (no shield)
rNeg    . . .      Spirit   .   a - +0 robe
rPois   .          Reflect  .   (no helmet)
rElec   .          Harm     .   (no cloak)
rCorr   .          Rampage  .   (no gloves)
Will    .....                   (no boots)
Stlth   ++........              (no amulet)
HPRegen 0.07/turn               (no ring)
MPRegen 0.10/turn               (no ring)

@: no status effects
A: high mp 1, forlorn, divine attributes
a: no special abilities


You were on level 1 of the Dungeon.
You visited 1 branch of the dungeon, and saw 1 of its levels.

You collected 12 gold pieces.

Inventory:

Armour
 a - a +0 robe (worn)
Scrolls
 b - a scroll of amnesia {unknown}


   Skills:
 + Level 0.4 Fighting
 - Level 1.7 Dodging
 - Level 1.7 Stealth
 * Level 2.0 Spellcasting
 + Level 1.1 Conjurations
 * Level 2.9 Air Magic


You had 4 spell levels left.
You knew the following spells:

 Your Spells              Type           Power      Damage    Failure   Level
a - Shock                 Conj/Air       32%        1d5       9%          1

Your spell library contained the following spells:

 Spells                   Type           Power      Damage    Failure   Level
 Static Discharge         Conj/Air       8%         N/A       13%         2
 Swiftness                Air            11%        N/A       17%         3
 Airstrike                Air            5%         N/A       50%         4


Dungeon Overview and Level Annotations

Branches:
Dungeon (1/15)


Innate Abilities, Weirdness & Mutations

You have an increased reservoir of magic. (+10% MP)
You shall have no god before yourself.
Your divine heritage dramatically boosts your attributes as you level up.


Message History

The zap hits the frilled lizard.
Aim: a frilled lizard (48% to hit)
The zap hits the frilled lizard.
You kill the frilled lizard!
Your magical contamination has completely faded away.
A kobold comes into view. It is wielding a +0 dagger.
Aim: a kobold, wielding a +0 dagger (wandering, hasn't noticed you, 60% to hit)
The zap hits the kobold.
The kobold shouts!
A kobold is nearby!
A kobold is nearby!
Aim: a kobold, wielding a +0 dagger (moderately wounded, 60% to hit)
You miscast Shock.
You are very lightly contaminated with residual magic.
Nothing appears to happen.
A kobold is nearby!
Aim: a kobold, wielding a +0 dagger (moderately wounded, 60% to hit)
You miscast Shock.
Nothing appears to happen.
A kobold is nearby!
You don't have enough magic to cast this spell.
A kobold is nearby!
Found 8 gold pieces.
The kobold hits you with a +0 dagger.
You closely miss the kobold. The kobold barely misses you.
You closely miss the kobold. The kobold barely misses you.
You hit the kobold. The kobold closely misses you.
You hit the kobold but do no damage. The kobold barely misses you.
You hit the kobold but do no damage. The kobold hits you with a +0 dagger.
You closely miss the kobold. The kobold hits you with a +0 dagger.
Aim: a kobold, wielding a +0 dagger (heavily wounded, 60% to hit)
The zap misses the kobold.
The kobold hits you with a +0 dagger.
You don't have enough magic to cast this spell.
You don't have enough magic to cast this spell.
Your magical contamination has completely faded away.
Aim: a kobold, wielding a +0 dagger (moderately wounded, 60% to hit)
The zap misses the kobold.
The zap hits the kobold.
The kobold hits you but does no damage.
You don't have enough magic to cast this spell.
You miss the kobold. The kobold hits you but does no damage.
You closely miss the kobold. The kobold barely misses you.
You hit the kobold but do no damage. The kobold hits you with a +0 dagger.
* * * LOW HITPOINT WARNING * * *
You closely miss the kobold. The kobold hits you with a +0 dagger.
* * * LOW HITPOINT WARNING * * *
You don't have enough magic to cast this spell.
You closely miss the kobold. The kobold hits you with a +0 dagger.
* * * LOW HITPOINT WARNING * * *
You don't have enough magic to cast this spell.
You closely miss the kobold. The kobold hits you with a +0 dagger.
You die...

##.......##....[#.......#
.......#>########.....#
.#..##.#.# #...#
.#.....#)##### ##.##
#.##..#.##..#### #.#
.#.##..#........# #.#
..........#..##.# #.#
#####.###.#..##.###.#
#...........@K..#
#####.#####.##### #...
...# #########


You could see a kobold.

Vanquished Creatures
  A ball python (D:1)
  2 giant cockroaches (D:1)
  2 hobgoblins (D:1)
  2 quokkas (D:1)
  A bat (D:1)
  A frilled lizard (D:1)
  A kobold (D:1)
10 creatures vanquished.

Notes
Turn   | Place    | Note
-------+----------+-------------------------------------------
     0 | D:1      | vurker the Demigod Air Elementalist began the quest for the
                  | Orb.
     0 | D:1      | Reached XP level 1. HP: 14/14 MP: 5/5
   284 | D:1      | Reached skill level 1 in Conjurations
   478 | D:1      | Reached XP level 2. HP: 22/22 MP: 4/7
   523 | D:1      | Slain by a kobold

Illustrated notes

Levels and vault maps discovered:
D:1:      amcnicky_arrival_feature_with_door, layout_loops_cross,
          shapermc_ecumenical_altar_notcrosses

Skill      XL: |  1 |
---------------+----+-----
Conjurations   | 1 |  1.1
Spellcasting   | 2 |  2.0
Fighting       | |  0.4
Dodging        | |  1.7
Stealth        | |  1.7
Air Magic      | |  2.9

Action                   || total
-------------------------++-------
Melee: Unarmed           ||    14
 Cast: Shock             ||    29
Armor: Robe              ||     2
Dodge: Dodged            ||    11

Table legend: (Time is in decaauts)
 A = Elapsed time spent in this place.
 B = Non-inter-level travel time spent in this place.
 C = Inter-level travel time spent in this place.
 D = Time resting spent in this place.
 E = Time spent auto-exploring this place.
 F = Levels seen in this place.
 G = Mean time per level.
                   A        B        C        D        E       F      G
               +--------+--------+--------+--------+--------+-----+--------+
         Total |    523 |    523 |      0 |      0 |    446 |   1 |  523.0 |
       Dungeon |    523 |    523 |      0 |      0 |    446 |   1 |  523.0 |
               +--------+--------+--------+--------+--------+-----+--------+

Top non-repeatable levels by time:
     D:1: 523 daAuts
